 Dungeon Crawl Stone Soup version 0.29.1-1-gd02db6906a (webtiles) character file.

Game seed: 17012970107283331602

822 MisterFreud the Nimble (level 7, -7/33 HPs)
             Began as a Felid Berserker on Oct 7, 2022.
             Was a Priest of Trog.
             Engulfed by a steam dragon's steam (8 damage)
             ... on level 7 of the Dungeon.
             The game lasted 00:09:32 (6325 turns).

MisterFreud the Nimble (Felid Berserker)            Turns: 6325, Time: 00:09:33

Health: -7/33      AC:  2    Str: 12    XL:     7   Next: 63%
Magic:  8/8        EV: 24    Int: 13    God:    Trog [***...]
Gold:   352        SH:  0    Dex: 16    Spells: 6/6 levels left
                                        Lives:  0   Deaths: 2

rFire   . . .      SeeInvis +     - Unarmed
rCold   . . .      Faith    .   (shield unavailable)
rNeg    . . .      Spirit   .   (body armour unavailable)
rPois   +          Reflect  .   (helmet unavailable)
rElec   .          Harm     .   (cloak unavailable)
rCorr   .          Rampage  .   (gloves unavailable)
Will    +....                   (boots unavailable)
Stlth   ++++......              (no amulet)
HPRegen 0.11/turn               (no ring)
MPRegen 0.11/turn               (no ring)

@: studying Unarmed Combat, quick
A: very small, claws 1, fangs 3, see invisible, speed 1, shaggy fur 2, stealthy
paws, no weapons or thrown items, no armour, multi-lived, clever 1, poison
resistance
a: Renounce Religion, Berserk, Trog's Hand


You were on level 7 of the Dungeon.
You worshipped Trog.
Trog was most pleased with you.
You visited 1 branch of the dungeon, and saw 7 of its levels.
You also visited: Bailey.

You collected 352 gold pieces.

Inventory:

Jewellery
 e - a ring of poison resistance
Wands
 k - a wand of roots (9)
 l - a wand of paralysis (2)
Scrolls
 a - a scroll of identify
Potions
 b - a potion of might
 i - 2 potions of mutation
 m - a potion of magic


   Skills:
 + Level 4.9 Fighting
 * Level 11.2 Dodging
 + Level 8.2 Stealth
 + Level 8.2 Unarmed Combat


You had 6 spell levels left.
You didn't know any spells.
Your spell library was empty.

Dungeon Overview and Level Annotations

Branches:
Dungeon (7/15)             Temple (0/1) D:5          Bailey (visited)

Altars:
Ashenzari
Sif Muna
Wu Jian

Annotations:
D:3 Grinder


Innate Abilities, Weirdness & Mutations

You have sharp claws.
You have razor-sharp teeth.
You have supernaturally acute eyesight. (SInv)
You cover ground quickly. (Speed+)
You are covered in thick fur. (AC +2)
Your paws help you pounce on unaware monsters.
You are incapable of wielding weapons or throwing items.
You cannot wear armour.
You gain extra lives every three experience levels.
Your mind is acute. (Int +4, Str/Dex -1)
Your system is resistant to poisons. (rPois)


Message History

The kobold shouts!
The kobold throws a stone.
The stone hits you but does no damage.
A steam dragon comes into view.
The orc hits you with a +0 short sword.
An orc comes into view. It is wielding a +0 whip.
An orc comes into view. It is wielding a +0 trident.
The centaur wields a +0 shortbow.
The centaur shoots an arrow.
The arrow hits you.
You hear a shout!
The orc throws a stone.
The stone hits you but does no damage.
There is an open door here.
The kobold misses you.
You claw the kobold!
You kill the kobold!
Trog accepts your kill.
The kobold throws a stone.
The stone completely misses you.
The kobold hits you with a +0 short sword.
You see here a +0 club.
You miss the kobold. You closely miss the kobold.
The kobold closely misses you.
The orc wizard shouts!
You claw the kobold!
You kill the kobold!
Trog accepts your kill.
You hear a shout!
A kobold comes into view. It is wielding a +0 dagger.
The steam dragon breathes steam at you.
The ball of steam hits the kobold!
The kobold dies!
The ball of steam hits you!!
Ouch! That really hurt!
* * * LOW HITPOINT WARNING * * *
The kobold brigand misses you. The steam dragon breathes steam at you.
The ball of steam misses you. The kobold brigand barely misses you.
You are engulfed in a cloud of scalding steam.
* * * LOW HITPOINT WARNING * * *
The kobold brigand is engulfed in a cloud of scalding steam.
You are engulfed in a cloud of scalding steam.
You die...

###.##
#.........
#....#
#....#####
#D##o#
#....#
##.##c##
#.##.#
#§§#ooK#
## ..
#§§§o♣.##
#)K#Ko..#
##§##K..#
#@##....#
#.###.....
#.#
#.<.♣.>o
#.#
#....o.K#
#.#
....#....#
#.#
...###...#
..#.K..#
... ..'


You could see a kobold brigand.

Vanquished Creatures
  2 steam dragons
  Menkaure (D:5)
  An ice beast (D:7)
  4 orc warriors
  2 ogres
  2 black bears
  2 centaurs
  A phantom (D:6)
  A bullfrog (D:7)
  Blork the orc (D:4)
  A kobold brigand (D:7)
  3 necrophages
  3 scorpions
  A howler monkey (D:5)
  A jelly (D:5)
  2 hounds
  2 iguanas
  3 orc wizards (D:7)
  7 gnolls
  6 adders
  A shadow imp (D:6)
  An ufetubus (D:5)
  4 dart slugs
  16 orcs
  3 bats
  4 endoplasms
  10 goblins
  9 hobgoblins
  6 jackals (D:2)
  3 quokkas
  5 ball pythons
  4 frilled lizards
  16 kobolds
  3 rats
131 creatures vanquished.

Vanquished Creatures (others)
  An orc (D:7)
  A kobold (D:7)
2 creatures vanquished.

Grand Total: 133 creatures vanquished

Notes
Turn   | Place    | Note
-------+----------+-------------------------------------------
     0 | D:1      | MisterFreud the Felid Berserker began the quest for the
                  | Orb.
     0 | D:1      | Reached XP level 1. HP: 10/10 MP: 2/2
    65 | D:1      | Reached skill level 1 in Stealth
   191 | D:1      | Reached XP level 2. HP: 14/14 MP: 3/3
  1067 | D:2      | Reached ** piety under Trog
  1070 | D:2      | Reached XP level 3. HP: 17/17 MP: 4/4
  2414 | D:3      | Reached XP level 4. HP: 21/21 MP: 5/5
  2567 | D:3      | Found an ornate altar of the Wu Jian Council.
  2702 | D:3      | Noticed Grinder
  2948 | D:4      | Found a broken altar of Ashenzari.
  2952 | D:4      | Noticed a scorpion
  2959 | D:4      | Killed a scorpion
  2960 | D:4      | Reached XP level 5. HP: 24/24 MP: 6/6
  3103 | D:4      | Noticed an ogre
  3113 | D:4      | Killed an ogre
  3114 | D:4      | Reached skill level 5 in Stealth
  3114 | D:4      | Reached skill level 5 in Unarmed Combat
  3115 | D:4      | Noticed Blork the orc
  3129 | D:5      | Entered Level 5 of the Dungeon
  3129 | D:5      | Found a staircase to the Ecumenical Temple.
  3132 | D:5      | Noticed a black bear
  3332 | D:5      | Killed a black bear
  3333 | D:5      | Gained mutation: You are covered in thick fur. (AC +2)
                  | [Felid growth]
  3333 | D:5      | Reached XP level 6. HP: 10/28 MP: 7/7
  3339 | D:5      | HP: 2/42 [acid (5)]
  3345 | D:5      | Gained mutation: Your system is resistant to poisons.
                  | (rPois) [potion of mutation]
  3345 | D:5      | Gained mutation: Your mind is acute. (Int +4, Str/Dex -1)
                  | [potion of mutation]
  3386 | D:5      | Reached skill level 5 in Dodging
  3395 | D:5      | Reached XP level 7. HP: 27/31 MP: 8/8
  3398 | D:5      | Reached skill level 6 in Dodging
  3555 | D:5      | Reached skill level 7 in Dodging
  3624 | D:5      | Noticed Menkaure
  3627 | D:5      | Killed Menkaure
  3628 | D:5      | Reached skill level 8 in Dodging
  3658 | D:4      | Killed Blork the orc
  3750 | D:4      | Found a shimmering blue altar of Sif Muna.
  3980 | D:4      | Identified a scroll of acquirement
  3980 | D:4      | Acquired a manual of Unarmed Combat
  4085 | D:4      | Reached XP level 8. HP: 22/34 MP: 9/9
  4553 | D:5      | Identified the +2 whip "Uhicedat" {pain, Int+4 Dex+6}
  4597 | D:6      | Reached skill level 9 in Dodging
  5188 | D:7      | Reached skill level 10 in Dodging
  5289 | D:7      | HP: 1/54 [steam dragon/ball of steam (13)]
  5301 | D:7      | Killed from afar by a steam dragon
  5302 | D:7      | Reached XP level 7. HP: -6/33 MP: 8/8
  5334 | D:7      | Killed a steam dragon
  5335 | D:7      | Reached XP level 8. HP: 27/36 MP: 9/9
  5340 | D:7      | Reached *** piety under Trog
  5739 | D:7      | Found a flagged portal.
  5748 | Bailey   | Entered a bailey
  5772 | Bailey   | Reached skill level 11 in Dodging
  6077 | Bailey   | Found a large runed translucent door.
  6077 | Bailey   | Found a large runed translucent door.
  6084 | Bailey   | Noticed an orc knight
  6086 | Bailey   | Noticed a deep elf zephyrmancer
  6095 | Bailey   | Slain by an orc
  6096 | Bailey   | Reached XP level 7. HP: -1/33 MP: 8/8
  6303 | D:7      | Noticed a steam dragon
  6324 | D:7      | HP: 1/33 [something] (5)]
  6325 | D:7      | Engulfed by a steam dragon's steam

Illustrated notes

Levels and vault maps discovered:
D:1:      dpeg_arrival_signposts, layout_loops_cross, kennysheep_another_room
D:2:      layout_loops_ring, st_stairs_10, roderic_serpentine_path,
          palyth_stone_intersect
D:3:      layout_basic, general_overflow_altar, vehumet_crystals, uniq_grinder,
          uniq_crazy_yiuf_cottage
D:4:      layout_cave_pools, overflow_temple_1_default,
          nicolae_sif_muna_condensation, uniq_blork_the_orc
D:5:      layout_rooms, minmay_temple_entry_grid, uniq_menkaure
D:6:      layout_gridville, okawaru_altar_gauntlet_db, kennysheep_small_spiral
D:7:      layout_basic, enter_bailey_8, reono_crystal_passage,
          grunt_ministairs_13

Skill      XL: |  1  2  3  4  5  6  7  8 |
---------------+-------------------------+-----
Stealth        | 1 2 3 4 6 8 |  8.2
Unarmed Combat | 4 5 6 8 |  8.2
Dodging        | 5 8 11 | 11.2
Fighting       | 4 |  4.9

Action                   |  1- 3 |  4- 6 |  7- 9 || total
-------------------------+-------+-------+-------++-------
Melee: Unarmed           |    88 |    77 |   195 ||   360
       Bite              |     6 |     4 |    23 ||    33
       Punch             |     2 |     2 |    12 ||    16
Invok: Berserk           |       |     4 |    11 ||    15
       Trog's Hand       |       |     1 |       ||     1
Evoke: Wand              |       |       |     4 ||     4
  Use: Scroll            |     5 |     1 |     8 ||    14
       Potion            |       |     3 |     2 ||     5
 Stab: Sleeping          |    12 |     3 |     5 ||    20
       Distracted        |       |     1 |       ||     1
Armor: Skin              |     1 |     9 |     9 ||    19
Dodge: Dodged            |    64 |    61 |   208 ||   333
